 Dungeon Crawl Stone Soup version 0.30.0-10-gfe55d96785 (webtiles) character file.

Game seed: 6890934964245034947

2033 Demosthentine the Trooper (level 9, -3/69 HPs)
             Began as a Demonspawn Gladiator on May 13, 2023.
             Was an Initiate of Hepliaklqana.
             Killed from afar by an electric eel (10 damage)
             ... with a bolt of electricity
             ... on level 7 of the Dungeon.
             The game lasted 00:05:24 (5510 turns).

Demosthentine the Trooper (Demonspawn Gladiator)    Turns: 5510, Time: 00:05:24

Health: -3/69      AC: 16    Str: 16    XL:     9   Next: 3%
Magic:  9/9        EV: 15    Int: 10    God:    Hepliaklqana [......]
Gold:   343        SH:  0    Dex: 17    Spells: 8/8 levels left

rFire   + . .        a - +1 trident (protect)
rCold   . . .        (no shield)
rNeg    . . .        y - +1 steam dragon scales
rPois   .            (helmet restricted)
rElec   .            r - scarf {repulsion}
rCorr   .            (no gloves)
SInv    +            (no boots)
Will    +....        (no amulet)
Stlth   ++           l - ring of protection from fire
HPRegen 0.31/turn    n - ring of see invisible
MPRegen 0.11/turn

%: repel missiles
@: under a protective aura
A: horns 2, thin metallic scales 1, demonic guardian 2, ignite blood 2, demonic
willpower
a: Renounce Religion


You were on level 7 of the Dungeon.
You worshipped Hepliaklqana.
Hepliaklqana was noncommittal.
You visited 1 branch of the dungeon, and saw 7 of its levels.

You collected 343 gold pieces.

Inventory:

Hand Weapons
 a - a +1 trident of protection (weapon)
Missiles
 c - 13 poisoned darts
 d - 2 throwing nets (quivered)
 e - a javelin
Armour
 r - a scarf of repulsion (worn)
 y - +1 steam dragon scales (worn)
Jewellery
 l - a ring of protection from fire (left hand)
 m - a ring of positive energy
 n - a ring of see invisible (right hand)
Wands
 g - a wand of light (14)
Scrolls
 h - a scroll of fear
 i - a scroll of teleportation
 t - 2 scrolls of identify
 x - a scroll of enchant weapon
Potions
 f - 4 potions of brilliance
 j - 2 potions of lignification
 k - 5 potions of curing
 o - a potion of berserk rage
 p - a potion of flight
 q - a potion of haste


   Skills:
 + Level 6.1 Fighting
 + Level 6.0 Polearms
 - Level 1.7 Throwing
 + Level 5.3 Armour
 + Level 6.0 Dodging


You had 8 spell levels left.
You didn't know any spells.
Your spell library contained the following spells:

 Spells                   Type           Power      Damage    Failure   Level
 Beastly Appendage        Tmut           0%         N/A       36%         1
 Wereblood                Tmut           0%         N/A       50%         2
 Inner Flame              Hex/Fire       0%         N/A       75%         3
 Spider Form              Tmut/Pois      0%         N/A       75%         3
 Flame Wave               Conj/Fire      0%         2d4       98%         4
 Sticky Flame             Conj/Fire      0%         2d3       98%         4


Dungeon Overview and Level Annotations

Branches:
Dungeon (7/15)
 Temple: D:4-7

Altars:
Cheibriados
Dithmenos
Gozag
Hepliaklqana
Makhleb
Ru
Trog


Innate Abilities, Weirdness & Mutations

You have a pair of horns on your head.
You are partially covered in thin metallic scales. (AC +2)
A demonic guardian rushes to your aid.
Your demonic aura often causes spilled blood to erupt in flames.
You punish those that try to bend your will. (Will+)


Message History

Press: ? - help, Dir - move target, f/p - electric eel
Aim: an electric eel (lightly wounded, ally target, about 49% to evade your +1 trident of protection)
Okay, then.
You feel much better.
An orc comes into view. It is wielding a +0 hand axe.
The electric eel shoots out a bolt of lightning at you!
The bolt of electricity hits you.
Your hellwing hits the electric eel.
Your hellwing barely misses the electric eel.
Unknown command.
You barely miss the electric eel. You headbutt the electric eel.
The electric eel is heavily wounded.
Something hits the plant.
The plant begins to die.
Something corrodes the plant!
The electric eel shoots out a bolt of lightning at you!
The bolt of electricity hits you!
* * * LOW HITPOINT WARNING * * *
Your hellwing barely misses the electric eel.
Your hellwing hits the electric eel. You closely miss the electric eel.
The electric eel is severely wounded.
The orc closely misses you.
The orc hits your hellwing but does no damage.
Something hits the plant!
The plant seems to be corroded for longer.
The electric eel shoots out a bolt of lightning at you!
The bolt of electricity hits the electric eel.
The electric eel completely resists.
The bolt of electricity hits you!
* * * LOW HITPOINT WARNING * * *
Your hellwing completely misses the orc.
Your hellwing barely misses the orc.
You catch the helpless electric eel completely off-guard!
You hit the electric eel.
Your weapon exudes an aura of protection.
You kill the electric eel!
The orc hits you but does no damage. The orc barely misses your hellwing.
The electric eel shoots out a bolt of lightning at you!
The bolt of electricity hits your rust devil.
Your rust devil resists.
The bolt of electricity hits you!
You die...

~~ ### # ~ ~~ ..# ~ ~P
P♣ #.# #♣~~P~~~...~~~
~~~♣~ #.# #~PP~~P....~P~
≈~~~~P#.# .♣~~P~~~..~P~~
≈≈≈~~~♣@##.♣♣~P~~~~..~~♣
≈≈≈♣~P44o..♣~P≈P~~...~~~
≈≈≈≈~♣~.#..♣P~≈~~~~...~P
≈≈≈≈~S♣.#...~~≈≈~~...~P♣
≈≈≈~~♣♣.#.##.~~≈~~....~~
≈≈≈~~~♣##.##.♣~~~~~...♣#
≈≈≈≈~~~##.###♣~P~~~...#
≈≈~~~~~...##.♣♣~~P♣...#
≈≈≈~♣♣~..###.#♣~~~~#.##


You could see an electric eel (ally target), an orc (ally target), a friendly
hellwing (summoned) and a friendly rust devil (summoned).

Vanquished Creatures
  Maggie (D:6)
  Prince Ribbit (D:5)
  A water moccasin (D:6)
  An ice beast (D:5)
  A kobold brigand (D:4)
  A bullfrog (D:7)
  A scorpion (D:6)
  A howler monkey (D:6)
  2 electric eels (D:7)
  3 hounds (D:6)
  2 jellies
  A sleepcap (D:4)
  Jessica (D:2)
  Terence (D:3)
  5 iguanas
  4 orc wizards
  Robin (D:3)
  5 adders
  A shadow imp (D:6)
  A white imp (D:5)
  An ufetubus (D:6)
  A worm (D:5)
  3 dart slugs
  5 orcs
  6 bats
  11 endoplasms
  13 goblins
  11 hobgoblins
  10 jackals
  2 quokkas (D:1)
  2 ball pythons
  4 frilled lizards
  7 kobolds (D:1)
  7 rats
118 creatures vanquished.

Vanquished Creatures (collateral kills)
  Grinder (D:4)
  An ice beast (D:6)
  A centaur (D:5)
  An orc priest (D:4)
  A jelly (D:6)
  An adder (D:6)
  3 goblins (D:3)
9 creatures vanquished.

Vanquished Creatures (others)
  A white imp (D:7)
  A kobold (D:3)
2 creatures vanquished.

Grand Total: 129 creatures vanquished

Notes
Turn   | Place    | Note
-------+----------+-------------------------------------------
     0 | D:1      | Demosthentine the Demonspawn Gladiator began the quest for
                  | the Orb.
     0 | D:1      | Reached XP level 1. HP: 16/16 MP: 1/1
    80 | D:1      | Gained mutation: A weak demonic guardian rushes to your
                  | aid. [demonic ancestry]
    80 | D:1      | Reached XP level 2. HP: 5/22 MP: 2/2
   264 | D:1      | Reached skill level 1 in Armour
   316 | D:1      | Gained mutation: Your demonic aura sometimes causes spilled
                  | blood to erupt in flames. [demonic ancestry]
   316 | D:1      | Reached XP level 3. HP: 22/28 MP: 3/3
  1080 | D:2      | Identified the +4 chain mail of Onykhla {rF- Will+ Dex+4}
  1312 | D:2      | Gained mutation: Your demonic aura often causes spilled
                  | blood to erupt in flames. [demonic ancestry]
  1312 | D:2      | Reached XP level 4. HP: 34/34 MP: 4/4
  1366 | D:2      | Found a faded altar of an unknown god.
  1405 | D:2      | Noticed Jessica
  1417 | D:2      | Killed Jessica
  1588 | D:3      | Noticed Terence
  1594 | D:3      | Killed Terence
  1595 | D:3      | Gained mutation: You have a pair of small horns on your
                  | head. [demonic ancestry]
  1595 | D:3      | Reached XP level 5. HP: 31/41 MP: 5/5
  1602 | D:3      | Noticed Robin
  1641 | D:3      | Killed Robin
  1804 | D:3      | Found a snail-covered altar of Cheibriados.
  1873 | D:3      | Identified the +4 sling "Quneetoj" {freeze, Stlth+}
  2547 | D:4      | Gained mutation: You have a pair of horns on your head.
                  | [demonic ancestry]
  2547 | D:4      | Reached XP level 6. HP: 25/47 MP: 6/6
  3037 | D:4      | Noticed a yak
  3094 | D:5      | Entered Level 5 of the Dungeon
  3094 | D:5      | Noticed Grinder
  3099 | D:4      | Paralysed by Grinder for 4 turns
  3109 | D:4      | Paralysed by Grinder for 3 turns
  3114 | D:4      | Killed Grinder
  3115 | D:4      | Gained mutation: A demonic guardian rushes to your aid.
                  | [demonic ancestry]
  3115 | D:4      | Reached XP level 7. HP: 31/54 MP: 7/7
  3419 | D:5      | Noticed Prince Ribbit
  3426 | D:5      | Killed Prince Ribbit
  3495 | D:5      | HP: 1/55 [centaur (4)]
  3748 | D:5      | Reached skill level 5 in Dodging
  3748 | D:5      | Gained mutation: You punish those that try to bend your
                  | will. (Will+) [demonic ancestry]
  3748 | D:5      | Reached XP level 8. HP: 61/61 MP: 8/8
  3957 | D:6      | Reached skill level 5 in Polearms
  4029 | D:6      | Reached skill level 5 in Fighting
  4201 | D:6      | Found a hazy altar of Hepliaklqana.
  4203 | D:6      | Found an opulent altar of Gozag.
  4207 | D:6      | Found a shadowy altar of Dithmenos.
  4207 | D:6      | Found a bloodstained altar of Trog.
  4211 | D:6      | Became a worshipper of Hepliaklqana the Forgotten
  4215 | D:6      | Found a sacrificial altar of Ru.
  4217 | D:6      | Found a burning altar of Makhleb.
  4260 | D:6      | Noticed Maggie
  4272 | D:6      | Killed Maggie
  4712 | D:6      | Reached skill level 5 in Armour
  5402 | D:7      | Gained mutation: You are partially covered in thin metallic
                  | scales. (AC +2) [demonic ancestry]
  5402 | D:7      | Reached XP level 9. HP: 69/69 MP: 9/9
  5510 | D:7      | Killed from afar by an electric eel

Illustrated notes

Levels and vault maps discovered:
D:1:      lightli_arrival_noodles, layout_basic, minmay_indecisive_spiral
D:2:      layout_basic, dreamdust_ecumenical_altar_angels_and_demons,
          uniq_jessica
D:3:      layout_basic, kennysheep_slug_shrine, uniq_terence, uniq_robin
D:4:      layout_rooms, lightli_corner_chamber
D:5:      layout_cave_pools, uniq_grinder, uniq_prince_ribbit1
D:6:      layout_basic, minitemple, uniq_maggie
D:7:      layout_loops_cross, minmay_temple_entry_tees, serial_bayou,
          serial_bayou_ford_a, serial_bayou_lagoon_a, serial_bayou_lake_a,
          serial_bayou_pond_e, serial_bayou_pond_e, uniq_menkaure

Skill      XL: |  1  2  3  4  5  6  7  8  9 |
---------------+----------------------------+-----
Dodging        | 3 4 5 6 |  6.0
Armour         | 1 2 3 4 5 |  5.3
Polearms       | 3 4 5 6 |  6.0
Fighting       | 3 4 6 |  6.1
Throwing       | |  1.7

Action                     |  1- 3 |  4- 6 |  7- 9 || total
---------------------------+-------+-------+-------++-------
  Melee: Trident           |   140 |   150 |   131 ||   421
         Punch             |     1 |       |     1 ||     2
         Headbutt          |       |    18 |    23 ||    41
  Throw: Throwing net      |       |       |     1 ||     1
    Use: Scroll            |     3 |     7 |     5 ||    15
         Potion            |       |     1 |     3 ||     4
   Stab: Sleeping          |       |     2 |       ||     2
         Distracted        |       |     1 |     1 ||     2
 Armour: Leather armour    |    40 |    21 |    29 ||    90
         Steam dragon scal |       |       |     3 ||     3
  Dodge: Dodged            |   102 |    55 |    71 ||   228
         Repelled          |       |       |     1 ||     1
